 Dungeon Crawl Stone Soup version 0.27.1 (webtiles) character file.

Game seed: 15980725933765400209

11597 Tinkle the Cleaver (level 11, -3/101 HPs)
             Began as a Minotaur Berserker on Aug 29, 2021.
             Was an Elder of Trog.
             Collided with some lava (23 damage)
             ... caused by a swamp worm
             ... on level 10 of the Dungeon.
             The game lasted 00:53:01 (15813 turns).

Tinkle the Cleaver (Minotaur Berserker)            Turns: 15813, Time: 00:53:03

Health: -3/101     AC: 23    Str: 25    XL:     11   Next: 51%
Magic:  10/10      EV: 10    Int:  7    God:    Trog [****..]
Gold:   226        SH:  0    Dex:  9    Spells: 10/10 levels left

rFire    + . .     SeeInvis .   F - +1 war axe (freeze)
rCold    . . .     Faith    .   (no shield)
rNeg     . . .     Spirit   .   f - +0 plate armour
rPois    .         Reflect  .   (helmet restricted)
rElec    .         Harm     .   d - +0 cloak
rCorr    .         Rampage  .   (no gloves)
Will     .....                  k - +2 pair of boots
Stlth    ..........             G - amulet of regeneration
HPRegen  1.26/turn              l - ring of protection from fire
MPRegen  0.12/turn              (no ring)

@: hasted, very quick
A: horns 2, retaliatory headbutt, iridescent scales 2, clever 1
a: Renounce Religion, Berserk, Trog's Hand, Brothers in Arms


You were on level 10 of the Dungeon.
You worshipped Trog.
Trog was greatly pleased with you.
You visited 1 branch of the dungeon, and saw 10 of its levels.

You collected 586 gold pieces.
You spent 360 gold pieces at shops.

Inventory:

Hand Weapons
 c - a +3 mace
 w - a +2 hand axe of flaming
 B - a +5 morningstar
 F - a +1 war axe of freezing (weapon)
Missiles
 i - 22 poisoned darts (quivered)
 q - a throwing net
 y - 2 curare-tipped darts
Armour
 d - a +0 cloak (worn)
 f - a +0 plate armour (worn)
 g - +0 steam dragon scales
 k - a +2 pair of boots (worn)
Jewellery
 h - a ring of ice
 l - a ring of protection from fire (left hand)
 o - an amulet of guardian spirit
 s - an amulet of reflection
 G - an amulet of regeneration (around neck)
 H - an amulet of magic regeneration
Wands
 a - a wand of acid (9)
 t - a wand of iceblast (8)
 u - a wand of paralysis (7)
 x - a wand of flame (41)
 D - a wand of polymorph (3)
Scrolls
 b - a scroll of immolation
 m - a scroll of enchant armour
 p - 3 scrolls of teleportation
 z - a scroll of fog
Potions
 e - 2 potions of might
 j - a potion of haste
 n - 2 potions of ambrosia
 r - a potion of flight
 v - 3 potions of invisibility
 A - a potion of magic
 E - 3 potions of lignification
 I - a potion of berserk rage


   Skills:
 + Level 10.5 Fighting
 + Level 10.6 Axes
 + Level 10.2 Armour
 + Level 9.4 Dodging
 + Level 7.3 Evocations


You had 10 spell levels left.
You didn't know any spells.
Your spell library was empty.

Dungeon Overview and Level Annotations

Branches:
Dungeon (10/15)            Temple (0/1) D:5
   Lair: D:8-11         Orc: D:9-12

Altars:
Ashenzari
Elyvilon
Gozag
Hepliaklqana
Kikubaaqudgha
Makhleb
Okawaru
Qazlal
Sif Muna
Vehumet
Xom
Yredelemnul

Shops:
D:2 =

Annotations:
D:10 1 transporter


Innate Abilities, Weirdness & Mutations

You have a pair of horns on your head.
You reflexively headbutt those who attack you in melee.
You are mostly covered in iridescent scales. (AC +4)
Your mind is acute. (Int +2)


Message History

The swamp worm fires a harpoon shot at you.
The harpoon shot hits you but does no damage.
Damage: -12%(-12hp) hp: 51%(51hp)
You struggle against the net.
The swamp worm fires a harpoon shot at you.
The harpoon shot hits you!
You are yanked forward by the harpoon shot.
You violently stop moving!
Huge Dmg: -17%(-17hp) hp: 34%(34hp)
You slash the briar patch! You freeze the briar patch.
You headbutt the briar patch, but do no damage.
The briar patch is severely damaged.
You are struck by the briar patch's thorns.
* * * LOW HITPOINT WARNING * * *
You slash the briar patch! You freeze the briar patch.
You destroy the briar patch!
The swamp worm fires a harpoon shot at you.
The harpoon shot hits you but does no damage.
Huge Dmg: -9%(-9hp) hp: 25%(25hp)
You hit the briar patch. You freeze the briar patch.
The briar patch is almost destroyed.
You hit the briar patch. You freeze the briar patch.
You destroy the briar patch!
The swamp worm fires a harpoon shot at you.
The harpoon shot misses you.
The swamp worm fires a harpoon shot at you.
The harpoon shot hits you.
* * * LOW HITPOINT WARNING * * *
You are yanked forward by the harpoon shot.
You collide with the briar patch!
You become entangled in the net!
There is a net trap here.
You see here a throwing net.
Damage: -4%(-4hp) hp: 23%(23hp)
You struggle against the net.
The swamp worm fires a harpoon shot at you.
The harpoon shot hits you.
* * * LOW HITPOINT WARNING * * *
You are yanked forward by the harpoon shot.
You violently stop moving!
You die...

.# #..# .# ###.###### .##
###........# ..#
##..........# ..#
##............. ..##
#.....######### ### ...#
#.....#♣#w#♣#w# ..## ...#
#....##≈≈≈#§≈≈####..# ...#
#....#P...@PPP#$=#.[# ...#
#...©#©^^^^^^°+ ©#©.# ...#
#....#PPPPP°PP# #..# ...#
###..##≈≈≈≈#≈≈####..# ....#
#...##w#♣#w##.....# ##.##
###.#########..#..# # ##
##..†........#.###### #
############..####.......>..
## #........###..#
#####......


You could see 4 swamp worms.

Vanquished Creatures
  A boulder beetle (D:9)
  A hydra (D:9)
  2 two-headed ogres
  A deep elf pyromancer (D:9)
  A cyclops (D:9)
  A gargoyle (D:9)
  A kobold demonologist (D:9)
  Maggie (D:7)
  3 trolls
  A hornet (D:9)
  3 wraiths
  Eustachio (D:5)
  4 yaks (D:10)
  A steam dragon (D:6)
  Menkaure (D:5)
  An acid dragon (D:9)
  3 water moccasins
  A sky beast (D:4)
  2 black bears
  2 ice beasts
  A hornet zombie (D:7)
  2 ogres
  4 orc warriors
  A centaur (D:7)
  2 phantoms
  4 kobold brigands
  A bullfrog (D:7)
  6 scorpions
  A wyvern zombie (D:9)
  A gnoll sergeant (D:5)
  A wyvern skeleton (D:7)
  13 wights
  5 killer bees (D:9)
  4 howler monkeys
  A crimson imp (D:6)
  4 centaur zombies
  6 hounds
  A gnoll shaman (D:6)
  2 jellies
  Crazy Yiuf (D:5)
  2 centaur skeletons
  6 orc priests
  A bullfrog skeleton (D:4)
  2 iguanas
  4 orc wizards
  A killer bee zombie (D:5)
  A hound skeleton (D:4)
  3 howler monkey zombies
  11 gnolls
  3 adders
  3 howler monkey skeletons
  A shadow imp (D:4)
  A white imp (D:6)
  3 worms
  2 dart slugs
  25 orcs
  A bat (D:2)
  7 endoplasms
  6 giant cockroaches
  4 goblins
  5 hobgoblins
  7 jackals
  4 quokkas
  9 ball pythons
  3 frilled lizards
  16 kobolds
  2 rats (D:1)
  2 briar patches (D:10)
228 creatures vanquished.

Vanquished Creatures (others)
  A briar patch (D:10)
1 creature vanquished.

Grand Total: 229 creatures vanquished

Notes
Turn   | Place    | Note
-------+----------+-------------------------------------------
     0 | D:1      | Tinkle the Minotaur Berserker began the quest for the Orb.
     0 | D:1      | Reached XP level 1. HP: 19/19 MP: 0/0
   430 | D:1      | Huge Dmg: 5 dmg
   540 | D:1      | Found a faded altar of an unknown god.
   542 | D:1      | Reached XP level 2. HP: 27/27 MP: 1/1
   914 | D:2      | Huge Dmg: 6 dmg
   924 | D:2      | Reached ** piety under Trog
  1101 | D:2      | Found Yrumalio's Jewellery Shoppe.
  1111 | D:2      | Reached XP level 3. HP: 33/33 MP: 2/2
  1285 | D:2      | Found a broken altar of Ashenzari.
  2313 | D:3      | Noticed an ice beast
  2316 | D:3      | Huge Dmg: 16 dmg
  2320 | D:3      | Huge Dmg: 13 dmg
  2322 | D:3      | Killed an ice beast
  2323 | D:3      | Reached skill level 1 in Evocations
  2323 | D:3      | Reached XP level 4. HP: 16/41 MP: 3/3
  2323 | D:3      | Reached XP level 5. HP: 19/47 MP: 4/4
  2326 | D:3      | Huge Dmg: 6 dmg
  3124 | D:4      | Noticed a black bear
  3130 | D:4      | Killed a black bear
  3131 | D:4      | Reached skill level 5 in Fighting
  3131 | D:4      | Reached skill level 5 in Axes
  3131 | D:4      | Reached XP level 6. HP: 56/56 MP: 5/5
  3135 | D:4      | Huge Dmg: 27 dmg
  3227 | D:4      | Reached *** piety under Trog
  3230 | D:4      | Huge Dmg: 13 dmg
  3238 | D:4      | Noticed an orc warrior
  3256 | D:4      | Huge Dmg: 11 dmg
  3259 | D:4      | Killed an orc warrior
  3260 | D:4      | Reached XP level 7. HP: 35/61 MP: 3/6
  3264 | D:4      | Huge Dmg: 12 dmg
  3559 | D:4      | Huge Dmg: 30 dmg
  3897 | D:4      | Reached skill level 5 in Armour
  4034 | D:4      | Found a shimmering altar of Xom.
  4050 | D:4      | Found a hazy altar of Hepliaklqana.
  4579 | D:4      | Found an ancient bone altar of Kikubaaqudgha.
  4579 | D:4      | Found a shimmering blue altar of Sif Muna.
  4581 | D:4      | Found a radiant altar of Vehumet.
  4816 | D:5      | Entered Level 5 of the Dungeon
  4816 | D:5      | Noticed Menkaure
  4816 | D:5      | Found a staircase to the Ecumenical Temple.
  4822 | D:5      | Huge Dmg: 12 dmg
  4824 | D:5      | Huge Dmg: 9 dmg
  4825 | D:5      | Huge Dmg: 12 dmg
  4827 | D:5      | Huge Dmg: 9 dmg
  4832 | D:4      | Reached skill level 5 in Dodging
  5158 | D:5      | Huge Dmg: 15 dmg
  5160 | D:5      | Killed Menkaure
  5161 | D:5      | Reached XP level 8. HP: 67/71 MP: 2/7
  5164 | D:4      | Huge Dmg: 22 dmg
  5504 | D:5      | Huge Dmg: 15 dmg
  5605 | D:5      | Noticed Eustachio
  5619 | D:5      | Killed Eustachio
  5623 | D:5      | Huge Dmg: 31 dmg
  5841 | D:5      | Huge Dmg: 23 dmg
  6475 | D:5      | Found a basalt altar of Yredelemnul.
  6547 | D:5      | Found a white marble altar of Elyvilon.
  6584 | D:5      | Found a runed translucent door.
  6585 | D:5      | Noticed Crazy Yiuf
  6590 | D:5      | Huge Dmg: 15 dmg
  6593 | D:5      | Killed Crazy Yiuf
  6598 | D:5      | Huge Dmg: 27 dmg
  6938 | D:5      | Reached XP level 9. HP: 61/79 MP: 5/8
  6943 | D:5      | Huge Dmg: 21 dmg
  7200 | D:5      | Huge Dmg: 36 dmg
  7388 | D:6      | Reached **** piety under Trog
  7647 | D:6      | Huge Dmg: 18 dmg
  8062 | D:6      | Found a stormy altar of Qazlal.
  8063 | D:6      | Found an iron altar of Okawaru.
  8197 | D:7      | Reached skill level 5 in Evocations
  9019 | D:7      | Noticed Maggie
  9031 | D:7      | Killed Maggie
  9035 | D:7      | Huge Dmg: 41 dmg
  9536 | D:8      | Reached XP level 10. HP: 90/90 MP: 9/9
  9605 | D:8      | Huge Dmg: 44 dmg
  9831 | D:7      | Huge Dmg: 38 dmg
 10474 | D:8      | Found an opulent altar of Gozag.
 10559 | D:8      | Huge Dmg: 19 dmg
 10562 | D:8      | Huge Dmg: 17 dmg
 10987 | D:8      | Noticed a two-headed ogre
 11006 | D:8      | Killed a two-headed ogre
 11013 | D:8      | Huge Dmg: 30 dmg
 11462 | D:9      | Huge Dmg: 9 dmg
 11470 | D:9      | Huge Dmg: 4 dmg
 11473 | D:9      | Huge Dmg: 13 dmg
 11474 | D:9      | HP: 4/82 [orc priest/divine providence (9)]
 11475 | D:9      | Huge Dmg: 9 dmg
 12396 | D:9      | Noticed a smoke demon
 12884 | D:8      | Huge Dmg: 39 dmg
 13180 | D:9      | Noticed a gargoyle
 13180 | D:9      | Noticed a deep elf pyromancer
 13212 | D:9      | Huge Dmg: 17 dmg
 13214 | D:9      | Killed a gargoyle
 13217 | D:9      | Huge Dmg: 11 dmg
 13676 | D:2      | Bought an amulet of regeneration for 360 gold pieces
 13892 | D:8      | Huge Dmg: 45 dmg
 14049 | D:8      | Huge Dmg: 37 dmg
 14334 | D:9      | Noticed a four-headed hydra
 14343 | D:9      | Huge Dmg: 17 dmg
 14345 | D:9      | Huge Dmg: 10 dmg
 14346 | D:9      | Huge Dmg: 10 dmg
 14348 | D:9      | Huge Dmg: 13 dmg
 14348 | D:9      | Killed a four-headed hydra
 14354 | D:9      | Huge Dmg: 8 dmg
 14365 | D:10     | Entered Level 10 of the Dungeon
 14367 | D:10     | Huge Dmg: 7 dmg
 14367 | D:10     | HP: 3/93 [yak (10)]
 14368 | D:10     | Huge Dmg: 14 dmg
 14368 | D:10     | Gained mutation: You are partially covered in iridescent
                  | scales. (AC +2) [potion of mutation]
 14368 | D:10     | Gained mutation: You are mostly covered in iridescent
                  | scales. (AC +4) [potion of mutation]
 14368 | D:10     | Gained mutation: Your mind is acute. (Int +2) [potion of
                  | mutation]
 14744 | D:9      | Reached XP level 11. HP: 98/99 MP: 10/10
 14800 | D:9      | Reached skill level 10 in Fighting
 14812 | D:9      | Noticed a boulder beetle
 14827 | D:9      | Huge Dmg: 50 dmg
 14835 | D:9      | Huge Dmg: 36 dmg
 14835 | D:9      | Killed a boulder beetle
 14836 | D:9      | Reached skill level 10 in Axes
 14876 | D:9      | Huge Dmg: 20 dmg
 14919 | D:9      | Killed a deep elf pyromancer
 15268 | D:10     | Reached skill level 10 in Armour
 15294 | D:10     | Found a burning altar of Makhleb.
 15469 | D:10     | Noticed a two-headed ogre
 15483 | D:10     | Killed a two-headed ogre
 15490 | D:10     | Huge Dmg: 50 dmg
 15701 | D:10     | Found a transporter.
 15736 | D:10     | Huge Dmg: 48 dmg
 15779 | D:10     | Found a transporter.
 15802 | D:10     | Huge Dmg: 25 dmg
 15807 | D:10     | Huge Dmg: 16 dmg
 15809 | D:10     | Huge Dmg: 17 dmg
 15810 | D:10     | Huge Dmg: 9 dmg
 15813 | D:10     | Collided with some lava

Illustrated notes

Levels and vault maps discovered:
D:1:      lightli_arrival_noodles, layout_rooms,
          ebering_ecumenical_altar_abandoned, amcnicky_mini_rare_corridor_liquid
D:2:      layout_basic, serial_shops, shop_fountains, basic_altar
D:3:      layout_loops_cross
D:4:      layout_basic, grunt_temple_overflow_magic_moments,
          overflow_temple_1_default, worldfamousw_hep_ancestral_shrine,
          minmay_increasing_density
D:5:      kennysheep_big_flooded_room, layout_gridville, kennysheep_ying_yang,
          temple_fountains, minmay_stone_trees_small, uniq_eustachio,
          uniq_menkaure, uniq_crazy_yiuf_cottage
D:6:      layout_rooms, nicolae_overflow_hidden_temple, minmay_fire_ice_demons
D:7:      layout_basic, uniq_maggie
D:8:      layout_loops_ring, grunt_gozag_statues, st_stairs_7
D:9:      layout_layer_cave, amethyst_killhole, minmay_pinched_square
D:10:     gammafunk_worm_tunnel, layout_cave_pods, marbit_many_paths,
          minmay_misc_feat_square

Skill      XL: |  1  2  3  4  5  6  7  8  9 10 11 |
---------------+----------------------------------+-----
Axes           | 4 5 6 7 8 9 10 | 10.6
Fighting       | 4 5 6 7 8 9 10 | 10.5
Armour         | 3 4 5 6 8 9 10 | 10.2
Dodging        | 3 4 5 6 7 8 9 |  9.4
Evocations     | 1 2 3 4 5 6 7 |  7.3

Action                   |  1- 3 |  4- 6 |  7- 9 | 10-12 || total
-------------------------+-------+-------+-------+-------++-------
Melee: Hand axe          |    67 |       |   201 |       ||   268
       Headbutt          |    17 |     9 |    69 |    45 ||   140
       War axe           |    43 |    43 |    93 |   221 ||   400
       Morningstar       |       |       |       |    11 ||    11
Throw: Dart              |       |       |       |     7 ||     7
Invok: Berserk           |     1 |     2 |     8 |    11 ||    22
       Trog's Hand       |       |     1 |     3 |     2 ||     6
  Use: Scroll            |     1 |     3 |     8 |     9 ||    21
       Potion            |       |       |       |     3 ||     3
Armor: Plate armour      |    61 |    24 |   162 |   168 ||   415
Dodge: Dodged            |    35 |    13 |   115 |   119 ||   282
